cohdb
Replays
Latest Replays
All Replays
Popular Replays
Top Player Replays
Match Explorer
How It Works
Community
CoH3 Stats
Reddit
Sign in to upload your games and track your stats! →
Sign in with Steam
Match 43852588
Unlisted
Match 43852588
Overview
Messages
Build Orders
End
Kradschützen Motorcycle Team
Selects Italian Combined Arms Battlegroup
Selects Bersaglieri Squad
Bersaglieri Squad
Bersaglieri Squad
Construct Light Support Kompanie
Bersaglieri Squad
Selects Bersaglieri Bolster
Fire Support Elements
2.5-tonne Medical Truck
Panzerjäger Mechanized Group
Selects Breda Model 30 Light Machine Guns
Flakvierling Half-track
Vehicle Survival Package
Veteran Squad Leaders
Selects Semovente da 75/18 Assault Gun
Semovente da 75/18 Assault Gun
Construct Panzerarmee Kommand
Selects Carro Armato M13/40 Light Tank
Selects Pact of Steel
Grongolock
Treat
0
0
Comments
sign in to comment!
No comments posted yet!